Map: [TLMC14] Blackburn

Players

Lambo

  • Race: Zerg Zerg
  • Spawn Location: 5:00

Solar - Winner!

  • Race: Zerg Zerg
  • Spawn Location: 7:00

Event: StayAtHome Story Cup #4

VOD

Have the link to the VOD?

Description

Time

  • Played on: Oct. 23, 2021, 1:11 p.m.
  • Length: 3:00

All games in this series

Show
View Real Time Build Order
Export as new Build Order

Lambo Zerg 

Build Orders: Pool Only 

Get SALT Encoding   

  12  0:16  Spawning Pool  
  11  0:22  Drone  
  11  0:26  Drone  
  13  0:31  Drone  
  14  0:41  Overlord  
  14  1:04  Zergling x4  
  16  1:05  Zergling x2  
  17  1:16  Zergling x2  
  18  1:26  Zergling x2  
  19  1:39  Zergling x2  
  20  1:56  Spine Crawler  
  20  1:58  Spine Crawler  
  18  2:06  Spine Crawler  
  17  2:09  Zergling x2  
  18  2:27  Zergling x4  
  21  2:30  Zergling x2  
Show
View Real Time Build Order
Export as new Build Order

Solar Zerg - Winner!

Build Orders: Hatch First 

Get SALT Encoding   

  12  0:00  Drone  
  13  0:12  Overlord  
  13  0:17  Drone  
  14  0:31  Drone x2  
  16  0:42  Drone  
  17  0:52  Hatchery  
  17  0:55  Drone  
  17  1:02  Drone  
  18  1:08  Extractor  
  17  1:14  Spawning Pool  
  17  1:17  Drone  
  17  1:21  Drone  
  18  1:34  Drone  
  19  2:02  Zergling x6  
  19  2:03  Queen  
  19  2:04  Spine Crawler  
  25  2:10  Zergling x2  
  26  2:16  Zergling x4  
  26  2:32  Zergling x4  
  25  2:37  Zergling x2  
Tags
 
Add a new tag
Caveats
  • Supply blocks, unpowered buildings, or Contaminate may cause inaccurate times.
  • Supply counts are checked every 10 seconds.